 Dungeon Crawl Stone Soup version 0.29.0-5-ge4962eb29e (console) character file.

Game seed: 11484119930059812620

804 odiv the Grave Robber (level 7, -15/52 HPs)
             Began as a Demonspawn Wanderer on Aug 28, 2022.
             Killed from afar by Maggie (30 damage)
             ... with a bolt of fire
             ... on level 7 of the Dungeon.
             The game lasted 00:25:54 (4549 turns).

odiv the Grave Robber (Demonspawn Wanderer)         Turns: 4549, Time: 00:25:54

Health: -15/52     AC:  4    Str:  9    XL:     7   Next: 60%
Magic:  8/14       EV: 11    Int: 20    God:
Gold:   230        SH:  8    Dex: 11    Spells: 7/15 levels left

rFire   . . .      SeeInvis .   e - +2 whip (venom)
rCold   + . .      Faith    .   y - +0 buckler
rNeg    . . .      Spirit   .   p - +0 robe {Will+}
rPois   .          Reflect  .   x - +2 hat
rElec   .          Harm     .   (no cloak)
rCorr   .          Rampage  .   (no gloves)
Will    ++...                   u - +0 pair of boots
Stlth   +.........              (no amulet)
HPRegen 0.97/turn               d - ring of ice
MPRegen 0.14/turn               s - ring of willpower

@: about to teleport
A: horns 1, large bone plates 1, powered by death 1, deformed body, fire
resistance 1, sense surroundings 1, regeneration 1
a: no special abilities


You were on level 7 of the Dungeon.
You visited 2 branches of the dungeon, and saw 8 of its levels.

You collected 230 gold pieces.

Inventory:

Hand Weapons
 a - a +0 dagger
 e - a +2 whip of venom (weapon)
 g - a +0 hand axe
 i - a +0 sling
 v - a +0 executioner's axe
Missiles
 h - 6 poisoned darts (quivered)
 k - 9 stones
Armour
 p - a +0 robe of willpower (worn)
 u - a +0 pair of boots (worn)
 x - a +2 hat (worn)
 y - a +0 buckler (worn)
Jewellery
 d - a ring of ice (left hand)
 s - a ring of willpower (right hand)
Scrolls
 l - a scroll of torment {unknown}
 m - 3 scrolls of vulnerability
 n - a scroll of teleportation
 o - a scroll of immolation
 r - 2 scrolls of noise {unknown}
Potions
 b - a potion of brilliance
 f - 2 potions of flight
 q - a potion of haste
 A - a potion of attraction


   Skills:
 - Level 3.0 Fighting
 - Level 1.7 Dodging
 - Level 1.0 Stealth
 + Level 2.3 Shields
 + Level 4.8 Spellcasting
 - Level 5.0 Necromancy
 - Level 4.0 Ice Magic


You had 7 spell levels left.
You knew the following spells:

 Your Spells              Type           Power      Damage    Failure   Level
a - Freeze                Ice            100%       1d11      3%          1
b - Necrotise             Necr           96%        1d8       1%          1
c - Ozocubu's Armour      Ice            31%        N/A       9%          3
d - Vampiric Draining     Necr           24%        2d7       6%          3

Your spell library contained the following spells:

 Spells                   Type           Power      Damage    Failure   Level
 Sublimation of Blood     Necr           24%        N/A       3%          2
 Frozen Ramparts          Ice            62%        1d10      9%          3
 Magic Dart               Conj           16%        1d3       16%         1
 Searing Ray              Conj           8%         2d4       24%         2
 Hailstorm                Conj/Ice       19%        3d6       56%         4
 Ice Form                 Ice/Tmut       19%        N/A       56%         4
 Summon Ice Beast         Ice/Summ       19%        N/A       56%         4
 Fulminant Prism          Conj/Hex       2%         3d6       83%         4
 Petrify                  Tmut/Erth      4%         N/A       83%         4
 Fireball                 Conj/Fire      2%         3d4       99%         5
 Irradiate                Conj/Tmut      2%         3d12      99%         5
 Iskenderun's Battlesphe  Conj           4%         2d6       99%         5
 Conjure Ball Lightning   Conj/Air       2%         3x3d6     100%        6
 Orb of Destruction       Conj           2%         9d5       100%        7


Dungeon Overview and Level Annotations

Branches:
Dungeon (7/15)             Temple (1/1) D:4

Altars:
Ashenzari
Gozag
Makhleb
Nemelex Xobeh
Ru
Uskayaw
Wu Jian
Xom
Yredelemnul

Shops:
D:1 :(((

Annotations:
D:2 Natasha
D:3 Grinder
D:6 Sigmund
D:7 Maggie


Innate Abilities, Weirdness & Mutations

You have a pair of small horns on your head.
You are partially covered in large bone plates. (SH +4)
You regenerate a little health from kills.
Armour fits poorly on your strangely shaped body.
Your flesh is heat resistant. (rF+)
You passively map a small area around you.
Your natural rate of healing is unusually fast.


Message History

Throw: 5 darts (curare)
Press: ? - help, Q - select action, (/) - cycle Shift-Dir - straight line, f - Maggie
Aim: Maggie, wielding a +2 scimitar of pain, wearing +0 swamp dragon scales and carrying a wand of flame (11) (60% to hit)
You throw a curare-tipped dart.
The curare-tipped dart barely misses Maggie.
Throw: 4 darts (curare)
Press: ? - help, Q - select action, (/) - cycle Shift-Dir - straight line, f/p - Maggie
Aim: Maggie, wielding a +2 scimitar of pain, wearing +0 swamp dragon scales and carrying a wand of flame (11) (60% to hit)
You throw a curare-tipped dart.
The curare-tipped dart barely misses Maggie.
Throw: 3 darts (curare)
Press: ? - help, Q - select action, (/) - cycle Shift-Dir - straight line, f/p - Maggie
Aim: Maggie, wielding a +2 scimitar of pain, wearing +0 swamp dragon scales and carrying a wand of flame (11) (60% to hit)
You throw a curare-tipped dart. The curare-tipped dart hits Maggie.
Throw: 2 darts (curare)
Press: ? - help, Q - select action, (/) - cycle Shift-Dir - straight line, f/p - Maggie
Aim: Maggie, wielding a +2 scimitar of pain, wearing +0 swamp dragon scales and carrying a wand of flame (11) (60% to hit)
You throw a curare-tipped dart. The curare-tipped dart hits Maggie.
Maggie casts a spell at you. The bolt of fire hits you!!
Throw: dart (curare)
Press: ? - help, Q - select action, (/) - cycle Shift-Dir - straight line, f/p - Maggie
Aim: Maggie, wielding a +2 scimitar of pain, wearing +0 swamp dragon scales and carrying a wand of flame (11) (60% to hit)
You throw a curare-tipped dart.
The curare-tipped dart barely misses Maggie.
Maggie casts a spell at you. The bolt of fire hits you!!
Ouch! That really hurt!
* * * LOW HITPOINT WARNING * * *
Maggie zaps a wand.
The puff of flame hits you.
* * * LOW HITPOINT WARNING * * *
As you read the scroll of teleportation, it crumbles to dust.
You feel strangely unstable.
Maggie gestures wildly while chanting.
Maggie attempts to bespell you! You resist with almost no effort.
You feel better. Maggie casts a spell at you. The bolt of fire hits you!!
Ouch! That really hurt!
You die...

**** #########
,,,* #......@#
,,,* #.......#
,,,* #.......#
,,,* #...@..†#
,,,* #..(....#
,,,* #.......#
,,?####**#(.....<#
,,......*#.(.....#
#######
,,......##.......#
####......


You could see Maggie.

Vanquished Creatures
  A water moccasin (D:7)
  3 scorpions
  3 hounds
  2 jellies
  2 orc priests
  Natasha (twice) (D:2)
  2 iguanas
  An orc wizard (D:7)
  An adder (D:5)
  2 white imps
  A worm (D:2)
  11 orcs
  6 ball pythons
  2 endoplasms
  5 giant cockroaches
  4 goblins
  4 hobgoblins
  15 jackals
  4 kobolds
  4 quokkas
  7 bats
  4 frilled lizards (D:2)
  7 rats
93 creatures vanquished.

Vanquished Creatures (collateral kills)
  A bullfrog (D:7)
  2 orcs
3 creatures vanquished.

Vanquished Creatures (others)
  A fungus (D:4)
  A plant (D:4)
2 creatures vanquished.

Grand Total: 98 creatures vanquished

Notes
Turn   | Place    | Note
-------+----------+-------------------------------------------
     0 | D:1      | odiv the Demonspawn Wanderer began the quest for the Orb.
     0 | D:1      | odiv set off with the following items: a +0 dagger, a
                  | potion of brilliance, a +0 robe, a +0 helmet; and the
                  | following spells available to memorise: Freeze, Necrotise,
                  | Frozen Ramparts, Ozocubu's Armour, Vampiric Draining.
     0 | D:1      | Reached XP level 1. HP: 18/18 MP: 2/2
    20 | D:1      | Learned a level 1 spell: Freeze
   174 | D:1      | Found Eniforo's Antique Weapon Boutique.
   185 | D:1      | Gained mutation: You regenerate a little health from kills.
                  | [demonic ancestry]
   185 | D:1      | Reached XP level 2. HP: 24/24 MP: 1/3
   348 | D:1      | Learned a level 1 spell: Necrotise
   453 | D:1      | Found Likiude's Antique Weapon Shoppe.
   454 | D:1      | Found Nial's Weapon Shoppe.
   861 | D:1      | Found a faded altar of an unknown god.
   945 | D:1      | Gained mutation: You are partially covered in large bone
                  | plates. (SH +4) [demonic ancestry]
   945 | D:1      | Reached XP level 3. HP: 28/29 MP: 3/5
   981 | D:1      | Found Efougy's Book Emporium.
  1677 | D:2      | Noticed Natasha
  1689 | D:2      | Killed Natasha
  1690 | D:2      | Reached XP level 4. HP: 15/35 MP: 1/7
  2390 | D:3      | Noticed Grinder
  2541 | D:3      | Reached skill level 2 in Necromancy
  2597 | D:2      | Noticed Natasha
  2604 | D:2      | Killed Natasha
  2624 | D:2      | Noticed Natasha
  2744 | D:4      | Found a staircase to the Ecumenical Temple.
  2753 | Temple   | Entered the Ecumenical Temple
  2857 | D:4      | You fall into a shaft and drop 2 floors!
  2883 | D:6      | Noticed a scorpion
  2928 | D:6      | Noticed a sky beast
  2989 | D:6      | Killed a scorpion
  2990 | D:6      | Gained mutation: You have a pair of small horns on your
                  | head. [demonic ancestry]
  2990 | D:6      | Reached XP level 5. HP: 16/41 MP: 0/10
  3194 | D:6      | Noticed an ogre
  3358 | D:7      | Reached skill level 3 in Necromancy
  3406 | D:7      | Learned a level 3 spell: Ozocubu's Armour
  3410 | D:7      | Learned a level 3 spell: Vampiric Draining
  3506 | D:7      | Reached XP level 6. HP: 42/47 MP: 6/11
  3537 | D:6      | Reached skill level 4 in Necromancy
  3611 | D:6      | Found a broken altar of Ashenzari.
  3635 | D:5      | Entered Level 5 of the Dungeon
  3685 | D:6      | Noticed Sigmund
  3713 | D:7      | Noticed a water moccasin
  3720 | D:7      | Gained mutation: You passively map a small area around you.
                  | [potion of mutation]
  3720 | D:7      | Gained mutation: Your flesh is heat resistant. (rF+)
                  | [potion of mutation]
  3720 | D:7      | Gained mutation: Armour fits poorly on your strangely
                  | shaped body. [potion of mutation]
  3720 | D:7      | Gained mutation: Your natural rate of healing is unusually
                  | fast. [potion of mutation]
  3835 | D:7      | Noticed Maggie
  3877 | D:6      | Noticed a sky beast
  4058 | D:5      | Found a hide-covered altar of Uskayaw.
  4058 | D:5      | Found a burning altar of Makhleb.
  4069 | D:5      | Reached skill level 5 in Necromancy
  4154 | D:5      | Reached skill level 1 in Shields
  4154 | D:5      | Reached XP level 7. HP: 52/52 MP: 8/12
  4549 | D:7      | Killed from afar by Maggie

Illustrated notes

Levels and vault maps discovered:
D:1:      saegor_arrival_simple_c, layout_basic, serial_shops,
          nicolae_shop_stone, nicolae_shop_waterfront,
          nicolae_shop_temple_entry_statues_fountains, shop, serial_forest,
          infiniplex_forest_lined_room_2, infiniplex_forest_lined_corner,
          infiniplex_forest_lined_1, infiniplex_forest_lined_room_2,
          infiniplex_forest_end_2, infiniplex_forest_fountain,
          infiniplex_forest_end_2, infiniplex_forest_straight_4,
          ebering_ecumenical_altar_hall, roderic_roman_lattice
D:2:      layout_rooms, minmay_small_reverse_x, uniq_natasha
D:3:      layout_rooms, uniq_grinder
D:4:      layout_gridville, mainiacjoe_overflow_surrounded_room,
          lemuel_coloured_pillars_altar, mainiacjoe_overflow_chevrons,
          minmay_temple_entry_sparse_star
D:5:      layout_basic, tso_metal_star, grunt_temple_overflow_bloody_war,
          gammafunk_temple_overflow_elements
D:6:      layout_basic, lemuel_crystal_altar, kiku_gazebo_pond_becter,
          serial_shops, shop, grunt_ministairs_10, hangedman_decor_lopped,
          roderic_batcave, uniq_sigmund
D:7:      layout_rooms, uniq_maggie
Temple:   nicolae_temple_great_sept

Skill      XL: |  1  2  3  4  5  6  7 |
---------------+----------------------+-----
Ice Magic      | 2 3 4 |  4.0
Spellcasting   | 2 3 4 |  4.8
Necromancy     | 2 3 5 |  5.0
Shields        | 1 2 |  2.3
Fighting       | |  3.0
Dodging        | |  1.7
Stealth        | |  1.0

Action                   |  1- 3 |  4- 6 |  7- 9 || total
-------------------------+-------+-------+-------++-------
Melee: Whip              |    72 |    53 |    14 ||   139
       Dagger            |     6 |       |       ||     6
       Headbutt          |       |     3 |     2 ||     5
Throw: Dart              |     1 |     9 |     5 ||    15
       Stone             |       |     7 |       ||     7
 Cast: Freeze            |    25 |    12 |     5 ||    42
       Necrotise         |    17 |    80 |    19 ||   116
       Ozocubu's Armour  |       |     3 |     1 ||     4
  Use: Scroll            |       |    12 |     2 ||    14
       Potion            |       |     4 |     1 ||     5
 Stab: Sleeping          |     3 |       |       ||     3
Armor: Robe              |    31 |    36 |    13 ||    80
Dodge: Dodged            |    70 |    75 |    23 ||   168
Block: Other             |     8 |    11 |       ||    19
       Buckler           |       |    30 |     9 ||    39
